[Event "Reykjavik Open 2022"]
[Site "Reykjavik"]
[Date "2022.04.06"]
[Round "1.22"]
[White "Marie, Maxime"]
[Black "Hjartarson, Johann"]
[Result "1/2-1/2"]
[ECO "A36"]
[WhiteElo "2175"]
[BlackElo "2470"]
[Annotator "RC"]
[PlyCount "70"]
[EventDate "2022.04.06"]
[EventCountry "ISL"]
[SourceTitle "playchess.com"]
[Source "ChessBase"]
[SourceQuality "1"]
[TimeControl "40/5400+30:1800+30"]

1. c4 g6 2. g3 Bg7 3. Bg2 c5 4. e3 Nf6 5. Nc3 O-O 6. Nge2 Nc6 7. O-O d6 8. d3 Bd7 9. h3 a6 10. Kh2 Rb8 11. f4 b5 12. g4 Na5 13. cxb5 axb5 14. Ng3 b4 15. Nce2 Bb5 16. g5 Ne8 17. h4 e6 18. Bh3 d5 19. h5 Nd6 20. hxg6 hxg6 21. Rh1 Qb6 22. Nh5 gxh5 23. Ng3 f5 24. gxf6 Rxf6 25. Nxh5 Rh6 26. Rg1 Rb7 27. e4 dxe4 28. f5 Rxh5 29. Qxh5 Nxf5 30. Bf4 Nd4 31. dxe4 Be2 32. Qe8+ Kh7 33. Qg6+ Kh8 34. Qe8+ Kh7 35. Qg6+ Kh8 1/2-1/2

[Event "Reykjavik Open 2022"]
[Site "Reykjavik"]
[Date "2022.04.06"]
[Round "1.23"]
[White "Clarke, Brandon G I"]
[Black "Garbuz, Vitaliy"]
[Result "1/2-1/2"]
[ECO "B30"]
[WhiteElo "2430"]
[BlackElo "2122"]
[Annotator "RC"]
[PlyCount "113"]
[EventDate "2022.04.06"]
[EventCountry "ISL"]
[SourceTitle "playchess.com"]
[Source "ChessBase"]
[SourceQuality "1"]
[TimeControl "40/5400+30:1800+30"]

1. e4 c5 2. Nf3 Nc6 3. Bc4 e6 4. O-O Nf6 5. e5 Ng4 6. Re1 Qc7 7. Qe2 f6 8. d4 cxd4 9. exf6 Nxf6 10. Nbd2 a6 11. Nb3 d5 12. Bd3 Bb4 13. Bd2 Bxd2 14. Qxd2 O-O 15. Qg5 h6 16. Qg3 Qxg3 17. fxg3 Re8 18. Bg6 Re7 19. Nbxd4 Nxd4 20. Nxd4 e5 21. h3 Bd7 22. c3 Be8 23. Bc2 g6 24. Re2 Kg7 25. Rae1 Nd7 26. Nf3 Kf6 27. Nh2 e4 28. c4 dxc4 29. Bxe4 Nb6 30. Ng4+ Kg7 31. Bf3 Rxe2 32. Rxe2 h5 33. Nf2 Bc6 34. Bxc6 bxc6 35. g4 Na4 36. gxh5 gxh5 37. Re7+ Kf6 38. Rh7 Kg6 39. Rc7 Nxb2 40. Rxc6+ Kf5 41. Kf1 Re8 42. g4+ hxg4 43. Nxg4 Kf4 44. Nf6 Re5 45. Nd7 Ra5 46. Nb6 Rxa2 47. Nxc4 Nd3 48. Rd6 Nc5 49. Rd2 Rxd2 50. Nxd2 Ke3 51. Ke1 Nd3+ 52. Kd1 Nf2+ 53. Kc2 Nxh3 54. Kc3 Nf4 55. Kb4 Kxd2 56. Ka5 Nd3 57. Kxa6 1/2-1/2

[Event "Reykjavik Open 2022"]
[Site "Reykjavik"]
[Date "2022.04.06"]
[Round "1.24"]
[White "Kull, Florian"]
[Black "Jarmula, Lukasz"]
[Result "0-1"]
[ECO "A28"]
[WhiteElo "2138"]
[BlackElo "2434"]
[Annotator "NA RC"]
[PlyCount "70"]
[EventDate "2022.04.06"]
[EventCountry "ISL"]
[SourceTitle "playchess.com"]
[Source "ChessBase"]
[SourceQuality "1"]
[TimeControl "40/5400+30:1800+30"]

1. c4 e5 2. Nc3 Nf6 3. Nf3 Nc6 4. e3 Bb4 5. Qc2 Bxc3 6. bxc3 e4 7. Nd4 O-O 8. Be2 b6 9. g4 Bb7 10. g5 Ne8 11. Ba3 Nd6 12. Rg1 Ne5 13. Nb5 Nexc4 14. Bxc4 Nxc4 15. Bxf8 Qxf8 16. Nxc7 Rc8 17. Nb5 Ne5 18. O-O-O Ba6 19. Qa4 Bxb5 20. Qxb5 Rc5 21. Qb3 a6 22. Kc2 Qd6 23. f4 Nc4 24. a4 Qd3+ 25. Kc1 Nxd2 26. Kb2 Qxe3 27. Qc2 Nc4+ 28. Kb3 Rc8 29. Rge1 Qc5 30. Qxe4 Qa3+ 31. Kc2 Qxa4+ 32. Kd3 Nb2+ 33. Kd2 Qxe4 34. Rxe4 Nxd1 35. Kxd1 Kf8 0-1

[Event "Reykjavik Open 2022"]
[Site "Reykjavik"]
[Date "2022.04.06"]
[Round "1.25"]
[White "Larkin, Vladyslav"]
[Black "Sigeman, Johan"]
[Result "1-0"]
[ECO "E05"]
[WhiteElo "2399"]
[BlackElo "2136"]
[Annotator "NA RC"]
[PlyCount "55"]
[EventDate "2022.04.06"]
[EventCountry "ISL"]
[SourceTitle "playchess.com"]
[Source "ChessBase"]
[SourceQuality "1"]
[TimeControl "40/5400+30:1800+30"]

1. c4 e6 2. g3 d5 3. Bg2 Nf6 4. Nf3 Be7 5. O-O O-O 6. d4 dxc4 7. Ne5 c5 8. dxc5 Qc7 9. Nxc4 Qxc5 10. Nba3 Rd8 11. Bd2 Nc6 12. Rc1 Qh5 13. e3 Qxd1 14. Rfxd1 Bd7 15. Nb5 Be8 16. Nc7 Rac8 17. Nxe8 Nxe8 18. a3 Nd6 19. Kf1 Nxc4 20. Rxc4 Ne5 21. Rxc8 Rxc8 22. Bc3 Nc4 23. Rd7 Bc5 24. Rxb7 Bb6 25. a4 h6 26. Rd7 Rb8 27. b3 Na5 28. b4 1-0

[Event "Reykjavik Open 2022"]
[Site "Reykjavik"]
[Date "2022.04.06"]
[Round "1.26"]
[White "De Coninck, Rafael"]
[Black "Thorhallsson, Throstur"]
[Result "1-0"]
[ECO "D78"]
[WhiteElo "2119"]
[BlackElo "2414"]
[Annotator "NA RC"]
[PlyCount "75"]
[EventDate "2022.04.06"]
[EventCountry "ISL"]
[SourceTitle "playchess.com"]
[Source "ChessBase"]
[SourceQuality "1"]
[TimeControl "40/5400+30:1800+30"]

1. d4 d5 2. Nf3 Nf6 3. g3 c6 4. Bg2 g6 5. O-O Bg7 6. b3 O-O 7. c4 Bf5 8. e3 Nbd7 9. Bb2 Qa5 10. Qe2 Qa6 11. Nbd2 Rac8 12. Rfc1 Rfe8 13. Nh4 Bg4 14. Qf1 dxc4 15. bxc4 Nb6 16. a4 Nxa4 17. Bc3 b5 18. d5 Qb6 19. Bd4 c5 20. Be5 Bd7 21. Rcb1 Qa5 22. cxb5 Qxd2 23. Rxa4 g5 24. Rb2 Qxb2 25. Bxb2 gxh4 26. Rxa7 Bf5 27. b6 Rb8 28. b7 Nd7 29. Bxg7 Kxg7 30. e4 Bg6 31. Qb5 Red8 32. f4 f6 33. Bh3 Be8 34. Qa5 c4 35. Ra8 c3 36. Qxd8 Rxd8 37. Rxd8 c2 38. Rc8 1-0

[Event "Reykjavik Open 2022"]
[Site "Reykjavik"]
[Date "2022.04.06"]
[Round "1.27"]
[White "Thorfinnsson, Bragi"]
[Black "Karlsson, Mikael Johann"]
[Result "1-0"]
[ECO "B23"]
[WhiteElo "2419"]
[BlackElo "2119"]
[Annotator "NA RC"]
[PlyCount "47"]
[EventDate "2022.04.06"]
[EventCountry "ISL"]
[SourceTitle "playchess.com"]
[Source "ChessBase"]
[SourceQuality "1"]
[TimeControl "40/5400+30:1800+30"]

1. e4 c5 2. Nc3 Nc6 3. f4 g6 4. Nf3 Bg7 5. Bb5 Nd4 6. O-O a6 7. Bd3 b5 8. Nxd4 Bxd4+ 9. Kh1 Bb7 10. e5 d6 11. Be4 Bxe4 12. Nxe4 d5 13. Ng5 c4 14. e6 fxe6 15. Nxe6 Qb6 16. Qe2 Bf6 17. f5 Kd7 18. d4 Rc8 19. Nc5+ Ke8 20. c3 Rc6 21. Qf3 Qd8 22. Bf4 h5 23. fxg6 h4 24. Rae1 1-0

[Event "Reykjavik Open 2022"]
[Site "Reykjavik"]
[Date "2022.04.06"]
[Round "1.28"]
[White "Johannsson, Birkir Isak"]
[Black "Romanishin, Oleg M"]
[Result "1/2-1/2"]
[ECO "D70"]
[WhiteElo "2103"]
[BlackElo "2415"]
[Annotator "NA RC"]
[PlyCount "58"]
[EventDate "2022.04.06"]
[EventCountry "ISL"]
[SourceTitle "playchess.com"]
[Source "ChessBase"]
[SourceQuality "1"]
[TimeControl "40/5400+30:1800+30"]

1. d4 Nf6 2. Nf3 g6 3. Nbd2 d5 4. c4 c6 5. e3 Bg7 6. b4 O-O 7. a4 Nbd7 8. Bb2 e5 9. dxe5 Ng4 10. cxd5 Ndxe5 11. Nxe5 Nxe5 12. Qb3 Qxd5 13. Qxd5 cxd5 14. Bd4 Bf5 15. Be2 a5 16. bxa5 Nd3+ 17. Bxd3 Bxd4 18. Ra3 Bc5 19. Rb3 Bxd3 20. Rxd3 Rxa5 21. Rxd5 Rxa4 22. O-O b6 23. Nb3 Rc4 24. g3 Rc8 25. Ra1 Rc3 26. Nd4 Bxd4 27. Rxd4 Rc1+ 28. Rxc1 Rxc1+ 29. Kg2 h5 1/2-1/2

[Event "Reykjavik Open 2022"]
[Site "Reykjavik"]
[Date "2022.04.06"]
[Round "1.29"]
[White "Willow, Jonah B"]
[Black "Zysko, Jan"]
[Result "0-1"]
[ECO "B80"]
[WhiteElo "2365"]
[BlackElo "2108"]
[Annotator "RC"]
[PlyCount "106"]
[EventDate "2022.04.06"]
[EventCountry "ISL"]
[SourceTitle "playchess.com"]
[Source "ChessBase"]
[SourceQuality "1"]
[TimeControl "40/5400+30:1800+30"]

1. e4 c5 2. Nf3 e6 3. d4 cxd4 4. Nxd4 Nf6 5. Nc3 d6 6. h3 Be7 7. g4 d5 8. Bb5+ Bd7 9. exd5 Nxd5 10. Nxd5 exd5 11. O-O Nc6 12. Ne2 a6 13. Ba4 Ne5 14. Bxd7+ Qxd7 15. Nd4 O-O 16. Re1 Nc4 17. b3 Nd6 18. Bb2 Bf6 19. Qf3 Ne4 20. Rad1 Rfe8 21. Qg2 b5 22. Re2 Rac8 23. f3 Ng5 24. Rxe8+ Qxe8 25. Kh1 g6 26. Nxb5 Bxb2 27. Nd6 Qe6 28. Nxc8 Qxc8 29. c4 Be5 30. cxd5 Qc3 31. d6 Ne6 32. d7 Bc7 33. Qe2 Kg7 34. Rd3 Qc1+ 35. Qd1 Qf4 36. Qd2 Qg3 37. f4 Qh4 38. f5 gxf5 39. Qc3+ Kh6 40. Qd2+ Kg7 41. Qc3+ Kh6 42. Rf3 f4 43. Rd3 Kg6 44. Rd5 Qf2 45. Qd3+ Kg7 46. Qc3+ Kg6 47. Qd3+ Kg7 48. Qc3+ Kg8 49. Rd1 f3 50. Qd2 Qg3 51. d8=Q+ Bxd8 52. Qh2 Qh4 53. Rf1 Bc7 0-1

[Event "Reykjavik Open 2022"]
[Site "Reykjavik"]
[Date "2022.04.06"]
[Round "1.30"]
[White "Mahajan, Rushaan"]
[Black "Korley, Kassa"]
[Result "0-1"]
[ECO "E07"]
[WhiteElo "2101"]
[BlackElo "2399"]
[Annotator "RC"]
[PlyCount "112"]
[EventDate "2022.04.06"]
[EventCountry "ISL"]
[SourceTitle "playchess.com"]
[Source "ChessBase"]
[SourceQuality "1"]
[TimeControl "40/5400+30:1800+30"]

1. Nf3 d5 2. g3 Nf6 3. Bg2 e6 4. c4 Be7 5. d4 O-O 6. Nc3 c6 7. O-O Nbd7 8. b3 b6 9. Qd3 Ba6 10. Nd2 c5 11. dxc5 Bxc5 12. Qf3 Ne5 13. Qf4 Ng6 14. Qf3 Rc8 15. cxd5 Bd4 16. Bb2 Nxd5 17. Na4 Bxb2 18. Nxb2 Rc3 19. Nd3 Ne5 20. Qh5 Nxd3 21. exd3 Nf6 22. Qh4 Rxd3 23. Qa4 Rxd2 24. Qxa6 Qd4 25. Qc4 Qxc4 26. bxc4 Rc8 27. Rfc1 g5 28. h3 Rc5 29. Rc3 Nd7 30. Ra3 a5 31. Rc3 b5 32. Rac1 b4 33. R3c2 Rd4 34. Bf1 Nb6 35. Be2 Na4 36. Kf1 Nc3 37. Ke1 Re4 38. f3 Rd4 39. a3 Nxe2 40. Kxe2 b3 41. Ke3 e5 42. Rc3 a4 43. g4 Kg7 44. Ke2 Kg6 45. Ke3 h5 46. Ke2 f5 47. Rd3 hxg4 48. hxg4 fxg4 49. Rxd4 gxf3+ 50. Kxf3 exd4 51. Ke4 b2 52. Rb1 Rxc4 53. Rxb2 Rc3 54. Kxd4 Rxa3 55. Rb6+ Kh5 56. Ra6 Rf3 0-1

[Event "Reykjavik Open 2022"]
[Site "Reykjavik"]
[Date "2022.04.06"]
[Round "1.31"]
[White "Baskin, Robert"]
[Black "Kracht, Raphael"]
[Result "1/2-1/2"]
[ECO "C65"]
[WhiteElo "2383"]
[BlackElo "2119"]
[Annotator "RC"]
[PlyCount "109"]
[EventDate "2022.04.06"]
[EventCountry "ISL"]
[SourceTitle "playchess.com"]
[Source "ChessBase"]
[SourceQuality "1"]
[TimeControl "40/5400+30:1800+30"]

1. e4 e5 2. Nf3 Nc6 3. Bb5 Nf6 4. d3 Bc5 5. Bxc6 dxc6 6. Nbd2 Qe7 7. Nc4 Bd6 8. Qe2 h6 9. Bd2 c5 10. Bc3 Nd7 11. a4 b6 12. Ne3 Nf6 13. Nd2 O-O 14. g4 Nh7 15. h4 g6 16. Ndc4 Re8 17. h5 g5 18. Rh3 c6 19. Rf3 Bc7 20. Nf5 Bxf5 21. Rxf5 f6 22. Ne3 Nf8 23. Rf3 Kh7 24. Nf5 Qd8 25. Qd1 Ne6 26. Qb1 a5 27. Qa2 Qd7 28. Kf1 Rf8 29. Bd2 Nd4 30. Nxd4 exd4 31. Rf5 Rae8 32. Kg2 Re5 33. Rh1 Rxf5 34. gxf5 Bf4 35. Be1 Qf7 36. Qxf7+ Rxf7 37. f3 Rb7 38. Bg3 Be3 39. Bd6 Kg8 40. Rf1 Rd7 41. Bg3 Kf8 42. Ra1 Ke8 43. Kf1 Rg7 44. Ra3 Rb7 45. Ke2 Kd7 46. Ra1 Kc8 47. c4 Kd8 48. Kd1 Rg7 49. Kc2 Bf4 50. Bf2 Kd7 51. Rg1 Kd6 52. Rg4 Ke5 53. Be1 Rb7 54. Rg2 Be3 55. Bg3+ 1/2-1/2

[Event "Reykjavik Open 2022"]
[Site "Reykjavik"]
[Date "2022.04.06"]
[Round "1.32"]
[White "Ruiz Buendia, Miguel"]
[Black "Tania, Sachdev"]
[Result "1/2-1/2"]
[ECO "C54"]
[WhiteElo "2074"]
[BlackElo "2392"]
[Annotator "RC"]
[PlyCount "95"]
[EventDate "2022.04.06"]
[EventCountry "ISL"]
[SourceTitle "playchess.com"]
[Source "ChessBase"]
[SourceQuality "1"]
[TimeControl "40/5400+30:1800+30"]

1. e4 e5 2. Nf3 Nc6 3. Bc4 Nf6 4. d3 Bc5 5. O-O O-O 6. c3 d6 7. h3 h6 8. a4 a6 9. Re1 Ba7 10. Nbd2 Be6 11. b4 d5 12. exd5 Nxd5 13. Nxe5 Nxc3 14. Qh5 Nxe5 15. Rxe5 Qd4 16. Nf3 Ne2+ 17. Kh2 Qxa1 18. Bxh6 Bxf2 19. Rxe2 Bxc4 20. dxc4 gxh6 21. Rxf2 Qf6 22. g4 Rad8 23. h4 Qg6 24. Qa5 Qb6 25. Qxb6 cxb6 26. Kg3 Rfe8 27. Kf4 Kg7 28. g5 h5 29. Rg2 Rd1 30. Rc2 Rb1 31. b5 Rb4 32. g6 fxg6 33. Ne5 Rxa4 34. Rd2 axb5 35. Rd7+ Kg8 36. Nxg6 Rxc4+ 37. Kg5 Rg4+ 38. Kh6 Rxg6+ 39. Kxg6 Re6+ 40. Kxh5 Rc6 41. Rxb7 b4 42. Re7 Kf8 43. Re4 Rc5+ 44. Kg6 Rc6+ 45. Kg5 Rc5+ 46. Kg6 Rc6+ 47. Kg5 Rc5+ 48. Kg6 1/2-1/2

[Event "Reykjavik Open 2022"]
[Site "Reykjavik"]
[Date "2022.04.06"]
[Round "1.33"]
[White "Grieve, Harry"]
[Black "Bosboom, Ardin"]
[Result "1/2-1/2"]
[ECO "B33"]
[WhiteElo "2384"]
[BlackElo "2090"]
[Annotator "RC"]
[PlyCount "111"]
[EventDate "2022.04.06"]
[EventCountry "ISL"]
[SourceTitle "playchess.com"]
[Source "ChessBase"]
[SourceQuality "1"]
[TimeControl "40/5400+30:1800+30"]

1. e4 c5 2. Nf3 Nc6 3. d4 cxd4 4. Nxd4 Nf6 5. Nc3 e5 6. Ndb5 d6 7. Bg5 a6 8. Na3 b5 9. Nd5 Be7 10. Bxf6 Bxf6 11. c3 O-O 12. Nc2 g6 13. h4 h5 14. a4 bxa4 15. Rxa4 Bg7 16. Ncb4 Nxb4 17. cxb4 Bh6 18. Be2 Kg7 19. g3 f5 20. exf5 Bxf5 21. Bd3 Bg4 22. Be2 Rc8 23. O-O Rc4 24. Bxg4 Rxg4 25. b5 Bf4 26. Ne3 Bxe3 27. Rxg4 Bxf2+ 28. Rxf2 Rxf2 29. Kxf2 hxg4 30. bxa6 Qb6+ 31. Ke1 Qxa6 32. Qxg4 Qc6 33. Qg5 Qe4+ 34. Kd2 Kf7 35. h5 Qg2+ 36. Ke3 Qg1+ 37. Kf3 Qd1+ 38. Kf2 Qxh5 39. Qd8 Qf5+ 40. Ke3 Qf6 41. Qc7+ Qe7 42. Qc4+ Qe6 43. Qc7+ Kf6 44. Qb8 d5 45. b4 d4+ 46. Kd3 Qb3+ 47. Ke4 Qe3+ 48. Kd5 Qf3+ 49. Kc4 Qxg3 50. b5 Qc3+ 51. Kd5 d3 52. Qb6+ Ke7 53. Qe6+ Kd8 54. Qd6+ Kc8 55. Qa6+ Kc7 56. Qd6+ 1/2-1/2

[Event "Reykjavik Open 2022"]
[Site "Reykjavik"]
[Date "2022.04.06"]
[Round "1.34"]
[White "Heer, Stephan"]
[Black "Sukandar, Irine Kharisma"]
[Result "0-1"]
[ECO "A05"]
[WhiteElo "2067"]
[BlackElo "2378"]
[Annotator "NA RC"]
[PlyCount "56"]
[EventDate "2022.04.06"]
[EventCountry "ISL"]
[SourceTitle "playchess.com"]
[Source "ChessBase"]
[SourceQuality "1"]
[TimeControl "40/5400+30:1800+30"]

1. Nf3 c5 2. g3 Nc6 3. Bg2 g6 4. O-O Bg7 5. d3 d6 6. Nbd2 Nf6 7. c3 O-O 8. e4 e5 9. a4 h6 10. Nc4 Be6 11. h3 Nxe4 12. Ncxe5 dxe5 13. dxe4 Qc8 14. Be3 Rd8 15. Qe2 Na5 16. Nd2 Bxh3 17. Bxh3 Qxh3 18. Bxc5 h5 19. b4 h4 20. bxa5 hxg3 21. f3 Bh6 22. Nb3 b6 23. axb6 axb6 24. Qg2 Qe6 25. Nd4 Be3+ 26. Kh1 Qf6 27. Qxg3 Bf4 28. Qg4 Qh8+ 0-1

[Event "Reykjavik Open 2022"]
[Site "Reykjavik"]
[Date "2022.04.06"]
[Round "1.35"]
[White "Martin, Julian"]
[Black "Dougherty, Michael"]
[Result "0-1"]
[ECO "C07"]
[WhiteElo "2388"]
[BlackElo "2066"]
[Annotator "RC"]
[PlyCount "84"]
[EventDate "2022.04.06"]
[EventCountry "ISL"]
[SourceTitle "playchess.com"]
[Source "ChessBase"]
[SourceQuality "1"]
[TimeControl "40/5400+30:1800+30"]

1. e4 e6 2. d4 d5 3. Nd2 a6 4. Ngf3 c5 5. dxc5 Bxc5 6. Bd3 Nf6 7. Qe2 Nc6 8. c3 dxe4 9. Nxe4 Be7 10. O-O O-O 11. Re1 e5 12. Ng3 Re8 13. h3 Be6 14. Ng5 Bd5 15. Rd1 h6 16. N5e4 Qc7 17. Nxf6+ Bxf6 18. Qg4 Kf8 19. Be3 Ne7 20. Nh5 Be6 21. Qb4 a5 22. Qa3 Bg5 23. Bc5 Kg8 24. Bd6 Qc6 25. Bxe5 Ng6 26. Qd6 Qc8 27. Bxg6 Rd8 28. Qb6 fxg6 29. Nf4 Bf7 30. Rxd8+ Qxd8 31. Qxb7 Qe8 32. Ne6 Bf6 33. Nc7 Qxe5 34. Qxa8+ Kh7 35. Qa7 Bd8 36. Nb5 Bd5 37. Qe3 Qb8 38. a4 Bb6 39. Qe2 Qg3 40. Qg4 Bxf2+ 41. Kf1 Bxg2+ 42. Ke2 Qe3+ 0-1

[Event "Reykjavik Open 2022"]
[Site "Reykjavik"]
[Date "2022.04.06"]
[Round "1.36"]
[White "Jonsson, Gauti Pall"]
[Black "Thorfinnsson, Bjorn"]
[Result "1/2-1/2"]
[ECO "D35"]
[WhiteElo "2048"]
[BlackElo "2387"]
[Annotator "ChessBase"]
[PlyCount "78"]
[EventDate "2022.04.06"]
[EventCountry "ISL"]
[SourceTitle "playchess.com"]
[Source "ChessBase"]
[SourceQuality "1"]
[TimeControl "40/5400+30:1800+30"]

1. d4 d5 2. c4 e6 3. Nc3 Be7 4. cxd5 exd5 5. Bf4 Nf6 6. e3 O-O 7. Bd3 Re8 8. h3 c6 9. Nf3 Bd6 10. Bxd6 Qxd6 11. O-O Nbd7 12. a3 Nf8 13. b4 a6 14. Qb3 Ne4 15. Bxe4 dxe4 16. Ne5 Be6 17. Qc2 f5 18. Na4 Re7 19. Nb6 Rd8 20. Rac1 Ng6 21. Nbc4 Bxc4 22. Qxc4+ Kf8 23. Nxg6+ Qxg6 24. f3 Rd5 25. fxe4 Rxe4 26. Rf3 Qe6 27. Qd3 Ke7 28. Rc5 g6 29. a4 f4 30. Rxd5 cxd5 31. exf4 Qf6 32. Re3 Qxf4 33. Rxe4+ dxe4 34. Qc3 e3 35. Qc5+ Kd7 36. Qd5+ Kc8 37. Qc5+ Kd7 38. Qd5+ Kc7 39. Qc5+ Kd7 1/2-1/2

[Event "Reykjavik Open 2022"]
[Site "Reykjavik"]
[Date "2022.04.06"]
[Round "1.37"]
[White "Fantinel, Thibault"]
[Black "Briem, Benedikt"]
[Result "1-0"]
[ECO "B30"]
[WhiteElo "2376"]
[BlackElo "2079"]
[Annotator "RC"]
[PlyCount "97"]
[EventDate "2022.04.06"]
[EventCountry "ISL"]
[SourceTitle "playchess.com"]
[Source "ChessBase"]
[SourceQuality "1"]
[TimeControl "40/5400+30:1800+30"]

1. e4 c5 2. Nc3 Nc6 3. Bb5 Nd4 4. Nf3 e6 5. O-O a6 6. Bd3 d6 7. Nxd4 cxd4 8. Ne2 Qb6 9. c3 dxc3 10. Nxc3 Be7 11. Bc2 Qc7 12. d4 b5 13. Bf4 Bb7 14. Rc1 Rc8 15. d5 e5 16. Be3 Nf6 17. a4 b4 18. Na2 a5 19. Bd3 Qd8 20. Bb5+ Kf8 21. f3 Nd7 22. Qd2 Nc5 23. Rfd1 Nb3 24. Rxc8 Qxc8 25. Qd3 Nc5 26. Qc4 Qd8 27. Nc1 g5 28. Ne2 Kg7 29. Ng3 Bc8 30. Bxc5 dxc5 31. Ba6 Kf6 32. Bxc8 Qxc8 33. d6 Rd8 34. Nf5 Bf8 35. Rd5 Qc6 36. Qxc5 Qxa4 37. Qxa5 Qxa5 38. Rxa5 Ke6 39. Rb5 Bxd6 40. Rb6 h5 41. Kf1 g4 42. fxg4 hxg4 43. h4 gxh3 44. gxh3 f6 45. h4 Rd7 46. h5 Rd8 47. Rxd6+ Rxd6 48. Nxd6 f5 49. Nxf5 1-0

[Event "Reykjavik Open 2022"]
[Site "Reykjavik"]
[Date "2022.04.06"]
[Round "1.38"]
[White "Cramling Bellon, Anna"]
[Black "Song, Julien"]
[Result "0-1"]
[ECO "E13"]
[WhiteElo "2057"]
[BlackElo "2352"]
[Annotator "RC"]
[PlyCount "116"]
[EventDate "2022.04.06"]
[EventCountry "ISL"]
[SourceTitle "playchess.com"]
[Source "ChessBase"]
[SourceQuality "1"]
[TimeControl "40/5400+30:1800+30"]

1. d4 Nf6 2. c4 e6 3. Nf3 b6 4. Nc3 Bb7 5. Bg5 h6 6. Bh4 Bb4 7. e3 Bxc3+ 8. bxc3 d6 9. Bd3 Nbd7 10. O-O O-O 11. Nd2 e5 12. Be4 Qc8 13. Bf5 Qe8 14. c5 dxc5 15. dxc5 Bc6 16. cxb6 axb6 17. c4 Ra4 18. Qe2 Qa8 19. Rfc1 Rxa2 20. Rxa2 Qxa2 21. f3 Ra8 22. Rc2 Qa1+ 23. Nf1 e4 24. f4 Nc5 25. Be1 Ra3 26. Bb4 Rd3 27. Ra2 Qc1 28. Rc2 Qd1 29. Bxc5 bxc5 30. Qxd1 Rxd1 31. Ra2 g6 32. Bh3 Kg7 33. Ra5 Ne8 34. Rxc5 Ba4 35. Re5 Nd6 36. Rc5 c6 37. Bd7 Bb3 38. Kf2 Nb7 39. Rxc6 Rxd7 40. f5 Na5 41. Rc5 Nxc4 42. Rb5 Bc2 43. Rc5 Bd3 44. Ng3 Nd6 45. Rd5 Kf6 46. fxg6 fxg6 47. h4 Ke6 48. Rc5 h5 49. Rg5 Rf7+ 50. Ke1 Rf6 51. Ne2 Bxe2 52. Kxe2 Nf5 53. g4 hxg4 54. Rxg4 Ke5 55. Rg5 Ra6 56. h5 gxh5 57. Rxh5 Rh6 58. Rg5 Rh3 0-1

[Event "Reykjavik Open 2022"]
[Site "Reykjavik"]
[Date "2022.04.06"]
[Round "1.39"]
[White "Vardaan Nagpal"]
[Black "Held, Thomas"]
[Result "1/2-1/2"]
[ECO "E01"]
[WhiteElo "2378"]
[BlackElo "2045"]
[Annotator "RC"]
[PlyCount "84"]
[EventDate "2022.04.06"]
[EventCountry "ISL"]
[SourceTitle "playchess.com"]
[Source "ChessBase"]
[SourceQuality "1"]
[TimeControl "40/5400+30:1800+30"]

1. d4 Nf6 2. c4 e6 3. Nf3 d5 4. g3 Bb4+ 5. Bd2 Bd6 6. Nc3 c6 7. Qc2 Nbd7 8. e4 dxe4 9. Nxe4 Nxe4 10. Qxe4 O-O 11. Bc3 Qe7 12. O-O-O Bb4 13. Bxb4 Qxb4 14. Bd3 g6 15. h4 e5 16. Nxe5 Nxe5 17. dxe5 Bf5 18. Qf4 Bxd3 19. Rxd3 b5 20. Rc3 Rae8 21. Rd1 bxc4 22. Qxc4 Qb6 23. f4 Rb8 24. b3 Qf2 25. Kb1 Rbd8 26. Rcd3 Rxd3 27. Qxd3 a5 28. Ka1 c5 29. Qc3 Qe2 30. Re1 Qg4 31. Qd3 a4 32. bxa4 c4 33. Qc3 Rd8 34. a5 Qe6 35. Rc1 Rc8 36. Rd1 Qg4 37. Rd2 Qh3 38. Rd1 Qg4 39. Rb1 Qd7 40. Rc1 Qe6 41. Qf3 Qa6 42. Qc3 Qe6 1/2-1/2

[Event "Reykjavik Open 2022"]
[Site "Reykjavik"]
[Date "2022.04.06"]
[Round "1.40"]
[White "Barthel, Ansgar"]
[Black "Hedman, Erik"]
[Result "1/2-1/2"]
[ECO "B07"]
[WhiteElo "2053"]
[BlackElo "2368"]
[Annotator "NA RC"]
[PlyCount "58"]
[EventDate "2022.04.06"]
[EventCountry "ISL"]
[SourceTitle "playchess.com"]
[Source "ChessBase"]
[SourceQuality "1"]
[TimeControl "40/5400+30:1800+30"]

1. e4 d6 2. d4 Nf6 3. Nc3 e5 4. dxe5 dxe5 5. Qxd8+ Kxd8 6. Bc4 Bb4 7. Bg5 Bxc3+ 8. bxc3 Be6 9. Bxe6 fxe6 10. f3 Nbd7 11. Nh3 h6 12. Bh4 a5 13. Nf2 Ra6 14. Nd3 Rc6 15. O-O-O Kc8 16. Bg3 Rxc3 17. Nxe5 Rc5 18. Nxd7 Nxd7 19. Rd3 Rf8 20. Rhd1 Rf7 21. h4 b6 22. Bf2 Rc6 23. Bd4 e5 24. Bb2 Rg6 25. R1d2 Rg3 26. Rd5 Re7 27. Ba3 Rf7 28. Bb2 Re7 29. Ba3 Rf7 1/2-1/2

[Event "Reykjavik Open 2022"]
[Site "Reykjavik"]
[Date "2022.04.06"]
[Round "1.41"]
[White "Rosen, Eric"]
[Black "Murphy, Ryan"]
[Result "1-0"]
[ECO "B10"]
[WhiteElo "2356"]
[BlackElo "2051"]
[Annotator "NA RC"]
[PlyCount "47"]
[EventDate "2022.04.06"]
[EventCountry "ISL"]
[SourceTitle "playchess.com"]
[Source "ChessBase"]
[SourceQuality "1"]
[TimeControl "40/5400+30:1800+30"]

1. e4 c6 2. d3 d5 3. Nd2 g6 4. Ngf3 Bg7 5. g3 e5 6. Bg2 Ne7 7. O-O O-O 8. a4 a5 9. c3 h6 10. Re1 Re8 11. exd5 Nxd5 12. Nc4 Nd7 13. d4 exd4 14. Rxe8+ Qxe8 15. Nxd4 N7f6 16. Bd2 Qf8 17. Qb3 h5 18. Re1 h4 19. Ne5 Bh6 20. f4 Qc5 21. Be3 Qf8 22. Bf2 h3 23. Bf3 Qd6 24. c4 1-0

[Event "Reykjavik Open 2022"]
[Site "Reykjavik"]
[Date "2022.04.06"]
[Round "1.42"]
[White "Marzik, Hans"]
[Black "Dishman, Stephen"]
[Result "1/2-1/2"]
[ECO "D23"]
[WhiteElo "2050"]
[BlackElo "2332"]
[Annotator "RC"]
[PlyCount "123"]
[EventDate "2022.04.06"]
[EventCountry "ISL"]
[SourceTitle "playchess.com"]
[Source "ChessBase"]
[SourceQuality "1"]
[TimeControl "40/5400+30:1800+30"]

1. d4 d5 2. c4 c6 3. Nf3 Nf6 4. Qb3 dxc4 5. Qxc4 Bg4 6. Nc3 Nbd7 7. Bf4 Bxf3 8. gxf3 Qa5 9. O-O-O Nb6 10. Qb3 Nfd5 11. Bd2 Nxc3 12. Bxc3 Qd5 13. Qxd5 cxd5 14. e3 O-O-O 15. Ba5 e6 16. Bxb6 axb6 17. f4 Be7 18. Bb5 Bh4 19. Rhf1 Rhg8 20. Bd3 f5 21. f3 g5 22. fxg5 Bxg5 23. Kd2 f4 24. exf4 Bxf4+ 25. Ke2 Rg2+ 26. Rf2 Rdg8 27. Bxh7 Rxf2+ 28. Kxf2 Rh8 29. Bd3 Rxh2+ 30. Kf1 Rxb2 31. a4 Kc7 32. Bb5 Kd6 33. Rd3 Bg5 34. Ke1 Bf6 35. Rd2 Rb4 36. Rh2 Rb1+ 37. Kf2 Bxd4+ 38. Kg2 Rg1+ 39. Kh3 e5 40. Rg2 Rh1+ 41. Kg4 Rh8 42. Rc2 Rg8+ 43. Kh3 Be3 44. Rg2 Rh8+ 45. Kg3 Kc5 46. Rc2+ Kd6 47. Rg2 Rc8 48. Kh3 Rc1 49. Kg4 Ke6 50. Be2 Bf4 51. Bb5 Ra1 52. Kh5 Rh1+ 53. Kg6 Rh3 54. Be2 Rh6+ 55. Kg7 Kf5 56. Bd1 e4 57. Bc2 Rc6 58. Re2 Rc8 59. fxe4+ dxe4 60. Bxe4+ Kg5 61. Rg2+ Kh4 62. Bd3 1/2-1/2